 Dungeon Crawl Stone Soup version 0.17-a0-1763-g847a857 (webtiles) character file.

43 KambridgeKobold the Insei (level 3, 0/20 HPs)
             Began as a Vine Stalker Monk on Sept 4, 2015.
             Succumbed to an adder's poison
             ... on level 2 of the Dungeon.
             The game lasted 00:03:28 (1257 turns).

KambridgeKobold the Insei (Vine Stalker Monk)       Turns: 1257, Time: 00:03:28

Health: 0/20       AC:  3    Str: 18    XL:     3   Next: 58%
Magic:  4/4        EV: 13    Int: 10    God:
Gold:   90         SH:  0    Dex: 17    Spells: 0 memorised, 2 levels left

rFire  . . .     SeeInvis .       - Unarmed
rCold  . . .     Clarity  .     a - +0 robe
rNeg   . . .     SustAt   .     (no shield)
rPois  .         Gourm    .     (no helmet)
rElec  .         Spirit   +     d - +0 cloak
rCorr  .         Warding  .     (no gloves)
rMut   .         Stasis   .     (no boots)
MR     .....                    (no amulet)
Stlth  +++.......               (no ring)
                                (no ring)

@: mighty, lethally poisoned (0 -> -1), not resistant to hostile enchantments,
fairly stealthy
A: fangs 2, mutation resistance 1, regeneration 1, magic shield, antimagic bite,
no device heal 3, rot immunity
a: no special abilities


You were on level 2 of the Dungeon.
You were very hungry.

You visited 1 branch of the dungeon, and saw 2 of its levels.

You collected 90 gold pieces.

Inventory:

Hand weapons
 c - a +0 dagger of venom
 l - a +1 hand axe of chopping
Armour
 a - a +0 robe (worn)
 d - a +0 cloak (worn)
 i - a +0 scale mail
Jewellery
 m - an uncursed ring of protection from cold {unknown}
Magical devices
 n - a wand of magic darts (7)
Scrolls
 e - 5 scrolls of remove curse {unknown}
 h - 4 scrolls of identify {unknown}
 k - a scroll of amnesia {unknown}
 o - a scroll of magic mapping {unknown}
 p - a scroll of noise {unknown}
Potions
 j - a potion of might
Comestibles
 b - 2 bread rations


   Skills:
 - Level 3.1 Fighting
 + Level 2.7 Dodging
 + Level 3.4 Stealth
 + Level 4.2 Unarmed Combat


You had 2 spell levels left.
You didn't know any spells.

Dungeon Overview and Level Annotations

Branches:
Dungeon (2/15)

Altars:
Makhleb
Nemelex Xobeh


Innate Abilities, Weirdness & Mutations

You have extremely sharp teeth.
Your natural rate of healing is unusually fast.
When hurt, damage is shared between your health and your magic reserves.
Your bite disrupts and absorbs the magic of your enemies.
Potions and wands cannot restore your health.
You are immune to rotting.
You are somewhat resistant to further mutation.


Message History

Drink which item? (? for menu, Esc to quit)
You feel extremely strange.
* * * LOW HITPOINT WARNING * * *
You feel sick.
Drink which item? (? for menu, Esc to quit)
It was a potion of might.
You feel very mighty all of a sudden.
* * * LOW HITPOINT WARNING * * *
You feel sick.
Drink which item? (? for menu, Esc to quit)
It was a potion of heal wounds.
That seemed strangely inert.
* * * LOW HITPOINT WARNING * * *
You feel sick.
* * * LOW HITPOINT WARNING * * *
You feel sick.
* * * LOW HITPOINT WARNING * * *
You feel sick.
* * * LOW HITPOINT WARNING * * *
You feel sick.
You die...

.# .# .##
..## ###
.... ...
#.# #.# #.
#.# ..>.
#######.#
##.#
#......@# #
. #.####..#
###.#..#..#
#......#..#
#.#.##.#..#
#.#.#...†.#
#.#.#####.#
#.#.# #.#
#.#.# #.#


There were no monsters in sight!

Vanquished Creatures
  An adder (D:2)
  2 worms (D:2)
  3 giant geckos
  3 goblins (D:1)
  2 hobgoblins (D:1)
  3 jackals (D:1)
  3 giant newts (D:1)
  5 kobolds (D:1)
  5 rats (D:1)
27 creatures vanquished.

Notes
Turn   | Place    | Note
--------------------------------------------------------------
     0 | D:1      | KambridgeKobold the Vine Stalker Monk began the quest for the Orb.
     0 | D:1      | Reached XP level 1. HP: 11/11 MP: 2/2
   116 | D:1      | Reached XP level 2. HP: 10/16 MP: 1/3
   549 | D:1      | Reached XP level 3. HP: 20/20 MP: 4/4
  1079 | D:2      | Found a burning altar of Makhleb.
  1147 | D:2      | Found a sparkling altar of Nemelex Xobeh.
  1245 | D:2      | Gained mutation: You are somewhat resistant to further mutation. [potion of mutation]
  1250 | D:2      | HP: 1/20 [poisoned by an adder]
  1255 | D:2      | HP: 1/20 [poisoned by an adder]
  1257 | D:2      | Succumbed to an adder's poison

Vault maps used:
D:1:      scummos_arrival_hexagon
D:2:      overflow_temple_1_default, nemelex_xobeh_ov_fountains_minmay,
          minmay_distorted

Action                   || total
-------------------------++-------
Melee: Unarmed           ||    75
  Use: Potion            ||     4
 Stab: Sleeping          ||     6
